 Dungeon Crawl Stone Soup version 0.31-a0-1529-g7bd419a0e5 (webtiles) character file.

Game seed: 129305063977683467

78 pokeman the Magician (level 4, 0/25 HPs)
             Began as a Deep Elf Hedge Wizard on Dec 31, 2023.
             Constricted to death by a ball python (1 damage)
             ... in a sewer.
             The game lasted 00:03:40 (2550 turns).

pokeman the Magician (Deep Elf Hedge Wizard)        Turns: 2550, Time: 00:03:40

Health: 0/25       AC:  2    Str:  3    XL:     4   Next: 15%
Magic:  2/13       EV:  9    Int: 21    God:
Gold:   80         SH:  0    Dex: 14    Spells: 6/14 levels left

rFire   + + +        f - +1 dagger (vamp)
rCold   + + +        (no shield)
rNeg    . . .        m - +0 robe "Ulokain" {rElec rF+++ rC+++ Str-4}
rPois   .            c - +0 hat
rElec   +            (no cloak)
rCorr   .            (no gloves)
SInv    .            (no boots)
Will    +....        (no amulet)
Stlth   ++           h - ring of willpower
HPRegen 0.24/turn    (no ring)
MPRegen 0.13/turn

%: no passive effects
@: constricted
A: no striking features
a: no special abilities


You were in a sewer.
You visited 1 branch of the dungeon, and saw 3 of its levels.
You also visited: Sewer.

You collected 80 gold pieces.

Inventory:

Hand Weapons
 f - a +1 vampiric dagger (weapon)
Armour
 c - a +0 hat (worn)
 m - the +0 robe "Ulokain" (worn) {rElec rF+++ rC+++ Str-4}
   (You found it on level 2 of the Dungeon)

   Str-4:     It affects your strength (-4).
   rF+++:     It renders you almost immune to fire.
   rC+++:     It renders you almost immune to cold.
   rElec:     It insulates you from electricity.
Jewellery
 h - a ring of willpower (left hand)
Scrolls
 a - a scroll of enchant armour {unknown}
 b - a scroll of fog {unknown}
 e - a scroll of blinking {unknown}
 g - a scroll of immolation {unknown}
 j - a scroll of identify {unknown}
 k - a scroll of amnesia {unknown}
Potions
 d - a potion of magic
 i - a potion of ambrosia {unknown}
 l - a potion of invisibility {unknown}


   Skills:
 - Level 1.0 Fighting
 - Level 1.0 Armour
 + Level 2.5 Dodging
 + Level 2.6 Stealth
 * Level 5.5 Spellcasting
 + Level 2.1 Conjurations
 - Level 1.1 Summonings
 - Level 1.1 Translocations


You had 6 spell levels left.
You knew the following spells:

 Your Spells              Type           Power      Damage    Failure   Level
a - Magic Dart            Conj           56%        1d5       4%          1
b - Mephitic Cloud        Conj/Alch/Air  8%         N/A       22%         3
c - Call Imp              Summ           20%        N/A       10%         2
d - Blink                 Tloc           20%        N/A       10%         2

Your spell library contained the following spells:

 Spells                   Type           Power      Damage    Failure   Level
 Kiss of Death            Conj/Necr      40%        2d8       7%          1
 Slow                     Hex            20%        N/A       11%         1
 Cigotuvi's Dreadful Rot  Necr/Alch/Air  10%        N/A       16%         2
 Confusing Touch          Hex            5%         N/A       30%         3
 Dispel Undead            Necr           5%         3d7       71%         4


Dungeon Overview and Level Annotations

Branches:
Dungeon (3/15)              Sewer (1/1)

Altars:
Hepliaklqana
Qazlal
Ru
Xom


Message History

You barely miss the ball python.
The ball python is severely wounded.
The frilled lizard bites you. The ball python barely misses you.
The ball python constricts you. The ball python completely misses you.
Unknown command.
You closely miss the ball python.
The ball python is severely wounded.
The ball python barely misses you.
The ball python bites you but does no damage.
The ball python constricts you. The frilled lizard barely misses you.
Unknown command.
You closely miss the ball python.
The ball python is severely wounded.
The ball python barely misses you. The ball python constricts you.
The ball python barely misses you. The frilled lizard bites you.
* * * LOW HITPOINT WARNING * * *
The ball python bites you.
* * * LOW HITPOINT WARNING * * *
The ball python constricts you. The ball python barely misses you.
The giant cockroach bites you.
* * * LOW HITPOINT WARNING * * *
Unknown command.
You escape the ball python's grasp.
The frilled lizard barely misses you. The ball python bites you.
* * * LOW HITPOINT WARNING * * *
The ball python misses you.
Unknown command.
You enter the shallow water.
Moving in this stuff is going to be slow.
The frilled lizard closely misses you.
Unknown command.
The ball python barely misses you. The ball python grabs you.
The ball python constricts you.
* * * LOW HITPOINT WARNING * * *
The frilled lizard barely misses you.
Unknown command.
The ball python's grasp on you weakens, but your attempt to escape fails.
The ball python barely misses you. The ball python misses you.
The ball python constricts you.
You die...

####### ########.....#
########.~..~††.~~~.###
#.∩.∩...~~~~~~~~~≈≈≈≈≈≈
########.~.~.~~~~≈~.###
########~~≈~~#
##############~~≈~~#
..........Bl@†~~≈~~#
~~~~~~~~~~~SS~~~≈~~#
≈≈≈≈≈≈≈≈≈≈≈≈≈≈≈≈≈~.#
~~~~~~~~~~~~B~~~≈~~#
≈~~.....†...~~.~≈≈~#
≈≈≈≈≈≈~#######~~≈~~#
≈≈≈≈≈~≈ #.~≈~.# ≈≈≈≈≈≈~
#.~≈~.# ≈≈≈≈


You could see 2 giant cockroaches, 2 ball pythons and a frilled lizard.

Vanquished Creatures
  3 adders
  A dart slug (D:1)
  An orc (D:2)
  5 bats
  5 endoplasms
  4 giant cockroaches
  2 goblins
  4 hobgoblins
  8 ball pythons
  6 frilled lizards
  5 kobolds
  3 rats
47 creatures vanquished.

Notes
Turn   | Place    | Note
-------+----------+-------------------------------------------
     0 | D:1      | pokeman the Deep Elf Hedge Wizard began the quest for the
                  | Orb.
     0 | D:1      | Reached XP level 1. HP: 10/10 MP: 7/7
   173 | D:1      | Reached XP level 2. HP: 15/15 MP: 0/9
  1364 | D:2      | Reached skill level 5 in Spellcasting
  1506 | D:2      | Reached XP level 3. HP: 13/20 MP: 1/11
  1515 | D:2      | Learned a level 3 spell: Mephitic Cloud
  1518 | D:2      | Learned a level 2 spell: Call Imp
  1521 | D:2      | Learned a level 2 spell: Blink
  1814 | D:2      | Identified the +0 robe "Ulokain" {rElec rF+++ rC+++ Str-4}
  2080 | D:2      | Found a faded altar of an unknown god.
  2238 | D:3      | HP: 1/20 [poisoned by an adder]
  2239 | D:3      | Reached skill level 1 in Fighting
  2239 | D:3      | Reached skill level 1 in Armour
  2287 | D:3      | Found a stormy altar of Qazlal.
  2288 | D:3      | Found a sacrificial altar of Ru.
  2291 | D:3      | Found a shimmering altar of Xom.
  2293 | D:3      | Found a hazy altar of Hepliaklqana.
  2323 | D:3      | Found a glowing drain.
  2337 | Sewer    | Entered a sewer
  2422 | Sewer    | Reached XP level 4. HP: 2/25 MP: 2/13
  2547 | Sewer    | HP: 1/25 [ball python (2)]
  2550 | Sewer    | Constricted to death by a ball python

Illustrated notes

Levels and vault maps discovered:
D:1:      pf_arrival_petrified_forest, layout_basic, kennysheep_flooded_box
D:2:      layout_loops_ring, dreamdust_ecumenical_altar_sealed_demon
D:3:      layout_basic, mainiacjoe_overflow_brackets,
          nicolae_overflow_macrodata_refinement, cheibrodos_sewer_entry_sluice,
          minmay_divided_ellipse
Sewer:    sewer_frog_island_01

Skill      XL: |  1  2  3 |
---------------+----------+-----
Spellcasting   | 5 |  5.5
Fighting       | 1 |  1.0
Armour         | 1 |  1.0
Conjurations   | 2 |  2.1
Dodging        | |  2.5
Stealth        | |  2.6
Summonings     | |  1.1
Translocations | |  1.1

Action                     |  1- 3 |  4- 6 || total
---------------------------+-------+-------++-------
  Melee: Dagger            |    17 |     5 ||    22
   Cast: Magic Dart        |   108 |    10 ||   118
         Mephitic Cloud    |     1 |     1 ||     2
         Blink             |     1 |       ||     1
   Stab: Confused          |     1 |       ||     1
 Armour: Robe              |    27 |    16 ||    43
  Dodge: Dodged            |    32 |    19 ||    51

Table legend: (Time is in decaauts)
 A = Elapsed time spent in this place.
 B = Non-inter-level travel time spent in this place.
 C = Inter-level travel time spent in this place.
 D = Time resting spent in this place.
 E = Time spent auto-exploring this place.
 F = Levels seen in this place.
 G = Mean time per level.
                   A        B        C        D        E       F      G
               +--------+--------+--------+--------+--------+-----+--------+
         Total |   2558 |   2461 |     97 |     81 |   2021 |   4 |  639.5 |
       Dungeon |   2337 |   2240 |     97 |     81 |   1844 |   3 |  779.0 |
         Sewer |    221 |    221 |      0 |      0 |    177 |   1 |  221.0 |
               +--------+--------+--------+--------+--------+-----+--------+

Top non-repeatable levels by time:
     D:1: 1239 daAuts
     D:2: 985 daAuts
   Sewer: 221 daAuts
     D:3: 112 daAuts
